 Dungeon Crawl Stone Soup version 0.28.0-45-g0d030f2227 (webtiles) character file.

Game seed: 17096609782310681254

194 bobregger the Skirmisher (level 5, -1/57 HPs)
             Began as an Ogre Berserker on Apr 17, 2022.
             Was a Believer of Trog.
             Killed from afar by an orc wizard (4 damage)
             ... with a puff of flame
             ... on level 3 of the Dungeon.
             The game lasted 00:04:09 (3019 turns).

bobregger the Skirmisher (Ogre Berserker)           Turns: 3019, Time: 00:04:09

Health: -1/57      AC:  3    Str: 21    XL:     5   Next: 73%
Magic:  5/5        EV: 10    Int:  8    God:    Trog [**....]
Gold:   94         SH:  0    Dex: 10    Spells: 4/4 levels left

rFire   + . .      SeeInvis .   o - +0 giant club
rCold   + + .      Faith    .   (shield currently unavailable)
rNeg    . . .      Spirit   .   b - +0 animal skin
rPois   +          Reflect  .   (helmet restricted)
rElec   +          Harm     .   (no cloak)
rCorr   +          Rampage  .   (gloves unavailable)
Will    .....                   (boots unavailable)
Stlth   +.........              (no amulet)
HPRegen 0.19/turn               (no ring)
MPRegen 0.09/turn               (no ring)

@: brilliant, resistant, on berserk cooldown, flying, slowed, very slow
A: large, unfitting armour, tough skin 1, hooves 1, cold resistance 1
a: Renounce Religion, Berserk, Trog's Hand


You were on level 3 of the Dungeon.
You worshipped Trog.
Trog was pleased with you.
You visited 1 branch of the dungeon, and saw 3 of its levels.

You collected 94 gold pieces.

Inventory:

Hand Weapons
 o - a +0 giant club (weapon)
Armour
 b - a +0 animal skin (worn)
Scrolls
 g - 4 scrolls of identify {unknown}
 i - a scroll of enchant weapon {unknown}
 k - a scroll of immolation {unknown}
 l - a scroll of amnesia {unknown}
Potions
 e - a potion of brilliance
 h - a potion of ambrosia {unknown}
 j - a potion of curing {unknown}
 m - a potion of heal wounds {unknown}
 n - a potion of berserk rage {unknown}


   Skills:
 + Level 5.2 Fighting
 * Level 4.5 Maces & Flails
 + Level 3.5 Dodging
 + Level 0.2 Stealth


You had 4 spell levels left.
You didn't know any spells.
Your spell library was empty.

Dungeon Overview and Level Annotations

Branches:
Dungeon (3/15)

Altars:
The Shining One


Innate Abilities, Weirdness & Mutations

You are too large for most types of armour.
You have tough skin. (AC +1)
You have large cloven feet.
Your flesh is cold resistant. (rC+)


Message History

A magic dart appears from out of thin air!
The magic dart hits you!
You closely miss something.
You are no longer berserk.
You are exhausted.
You feel yourself slow down. Something hits you.
You miss something.
You hear some strange, mumbled words.
Something tries to affect you, but you resist.
Something hits you.
* * * LOW HITPOINT WARNING * * *
You hit something but do no damage. Something hits you but does no damage.
You hear some strange, mumbled words.
You are confused.
You closely miss something. Something hits you.
* * * LOW HITPOINT WARNING * * *
Something hits you but does no damage.
It was a potion of flight.
You feel very buoyant.
You fly up into the air.
Something hits you but does no damage. Something hits you.
* * * LOW HITPOINT WARNING * * *
It was a potion of mutation.
You feel extremely strange.
You feel resistant to cold.
Your feet thicken and deform.
Something hits you.
* * * LOW HITPOINT WARNING * * *
Okay, then.
It was a potion of brilliance.
You feel clever all of a sudden.
You feel less confused.
An orc wizard appears from thin air!
Reactivating autopickup.
The orc wizard casts a spell at you. The magic dart hits you!
* * * LOW HITPOINT WARNING * * *
The orc wizard closely misses you.
It was a potion of resistance.
You feel protected. The orc wizard casts a spell at you.
The puff of flame hits you. You resist.
You die...

######### ........#
#####.# ...#@#
#.#o######## #
#..o...^##.##
#..###.#.###.#...########
#.o...)#.# #.............
#.##.###.# ###...########
... ...# ##.## #.####
#### #.## #.# .....# #.#
#.#


You could see an orc wizard and an orc.

Vanquished Creatures
  An ogre (D:3)
  3 adders (D:2)
  2 worms (D:2)
  4 dart slugs
  An orc (D:3)
  3 ball pythons
  5 endoplasms
  2 giant cockroaches
  5 goblins
  3 hobgoblins
  7 jackals
  10 kobolds
  7 quokkas
  A bat (D:1)
  3 frilled lizards
  4 rats
61 creatures vanquished.

Notes
Turn   | Place    | Note
-------+----------+-------------------------------------------
     0 | D:1      | bobregger the Ogre Berserker began the quest for the Orb.
     0 | D:1      | Reached XP level 1. HP: 24/24 MP: 1/1
    92 | D:1      | Reached XP level 2. HP: 20/32 MP: 2/2
   387 | D:1      | Reached XP level 3. HP: 31/40 MP: 3/3
  1174 | D:1      | Reached ** piety under Trog
  1429 | D:2      | Reached XP level 4. HP: 48/49 MP: 4/4
  2011 | D:2      | Found a glowing golden altar of the Shining One.
  2753 | D:3      | Noticed an ogre
  2761 | D:3      | Killed an ogre
  2762 | D:3      | Reached skill level 5 in Fighting
  2762 | D:3      | Reached XP level 5. HP: 47/57 MP: 5/5
  3017 | D:3      | Gained mutation: Your flesh is cold resistant. (rC+)
                  | [potion of mutation]
  3017 | D:3      | Gained mutation: You have large cloven feet. [potion of
                  | mutation]
  3019 | D:3      | Killed from afar by an orc wizard

Illustrated notes

Levels and vault maps discovered:
D:1:      psy_arrival_whirlpool, layout_loops_ring, serial_forest,
          infiniplex_forest_zigzag_1, infiniplex_forest_zigzag_2,
          infiniplex_forest_straight_5, infiniplex_forest_fountain
D:2:      layout_basic, basic_altar, kennysheep_generic_room_11
D:3:      layout_loops_corners

Skill      XL: |  1  2  3  4 |
---------------+-------------+-----
Dodging        | 3 |  3.5
Maces & Flails | 3 4 |  4.5
Fighting       | 5 |  5.2
Stealth        | |  0.2

Action                   |  1- 3 |  4- 6 || total
-------------------------+-------+-------++-------
Melee: Mace              |    99 |    68 ||   167
       Punch             |       |     2 ||     2
       Giant club        |       |    26 ||    26
Invok: Berserk           |     1 |     5 ||     6
  Use: Potion            |       |     4 ||     4
Armor: Animal skin       |    35 |    18 ||    53
Dodge: Dodged            |    59 |    49 ||   108
